 Dungeon Crawl Stone Soup version 0.30.1-11-g7821555f0a (webtiles) character file.

Game seed: 13376532633333840842

6325 lonewolfV2 the Nimble (level 10, -7/93 HPs)
             Began as a Minotaur Fighter on Nov 14, 2023.
             Was an Elder of Cheibriados.
             Mangled by an orc warrior
             ... wielding a +0 trident
              (14 damage)
             ... on level 2 of the Orcish Mines.
             The game lasted 00:14:10 (9262 turns).

lonewolfV2 the Nimble (Minotaur Fighter)            Turns: 9262, Time: 00:14:10

Health: -7/93      AC: 10    Str: 37    XL:     10   Next: 64%
Magic:  15/15      EV: 19    Int: 14    God:    Cheibriados [****..]
Gold:   829        SH: 12    Dex: 28    Spells: 9/9 levels left

rFire   . . .        a - +2 war axe
rCold   . . .        c - +0 buckler
rNeg    . . .        i - +0 chain mail
rPois   .            (helmet restricted)
rElec   .            (no cloak)
rCorr   .            (no gloves)
SInv    .            (no boots)
Will    .....        E - amulet of reflection Stlth
                     t - +6 ring of dexterity
HPRegen 0.35/turn    A - +6 ring of strength
MPRegen 0.14/turn

%: reflection
@: very slow
A: horns 2, retaliatory headbutt
a: Renounce Religion, Bend Time, Temporal Distortion, Slouch


You were on level 2 of the Orcish Mines.
You worshipped Cheibriados.
Cheibriados was greatly pleased with you.
You visited 2 branches of the dungeon, and saw 11 of its levels.

You collected 829 gold pieces.

Inventory:

Hand Weapons
 a - a +2 war axe (weapon)
Armour
 b - a +0 scale mail
 c - a +0 buckler (worn)
 i - a +0 chain mail (worn)
Jewellery
 k - a +6 ring of intelligence
 t - a +6 ring of dexterity (left hand)
 v - the ring of Gecoupt {rPois rN+ rCorr Str-2 Int+4}
   (You found it on level 7 of the Dungeon)

   [ring of resist corrosion]

   Str:       It affects your strength (-2).
   Int:       It affects your intelligence (+4).
   rPois:     It protects you from poison.
   rN:        It protects you from negative energy.
   rCorr:     It protects you from acid and corrosion.
 x - a +4 ring of protection
 y - a ring of see invisible
 A - a +6 ring of strength (right hand)
 E - an amulet of reflection (around neck)
Wands
 e - a wand of acid (11)
 l - a wand of polymorph (15)
 w - a wand of mindburst (20)
Scrolls
 m - 2 scrolls of poison
 q - a scroll of teleportation
 r - 2 scrolls of blinking
 D - a scroll of fear
Potions
 d - 4 potions of might
 f - 18 potions of degeneration
 g - 5 potions of curing
 h - 2 potions of berserk rage
 j - 3 potions of attraction
 n - a potion of invisibility
 o - 2 potions of mutation
 z - a potion of resistance {unknown}
 B - a potion of lignification


   Skills:
 - Level 10.0 Fighting
 - Level 2.5 Axes
 * Level 6.8 Armour
 - Level 10.6 Dodging
 - Level 3.7 Shields
 + Level 9.2 Invocations


You had 9 spell levels left.
You didn't know any spells.
Your spell library contained the following spells:

 Spells                   Type           Power      Damage    Failure   Level
 Portal Projectile        Hex/Tloc       0%         N/A       96%         3
 Tukima's Dance           Hex            0%         N/A       96%         3
 Vhi's Electric Charge    Tloc/Air       0%         N/A       96%         3
 Leda's Liquefaction      Hex/Erth       0%         N/A       100%        4
 Arcjolt                  Conj/Air       0%         1d10      100%        5
 Blade Hands              Tmut           0%         N/A       100%        5
 Lee's Rapid Deconstruct  Erth           0%         3d4*      100%        5
 Plasma Beam              Fire/Air       0%         2x1d11    100%        6
 Statue Form              Tmut/Erth      0%         N/A       100%        6


Dungeon Overview and Level Annotations

Branches:
Dungeon (9/15)             Temple (0/1) D:7             Orc (2/2) D:9
   Lair: D:8-11         Elf: Orc:2

Altars:
Cheibriados
Fedhas
Qazlal

Shops:
D:1 ([:   D:5 ?   D:7 *   D:8 *   Orc:1 (


Innate Abilities, Weirdness & Mutations

You have a pair of horns on your head.
You reflexively headbutt those who attack you in melee.


Message History

You see here a +0 shortbow.
Okay, then.
The centaur shoots an arrow.
The arrow completely misses you.
The orc knight shoots a bolt.
The bolt closely misses you. The orc warrior misses you.
The orc warrior shoots a bolt.
The bolt barely misses you.
The centaur shoots an arrow.
The arrow closely misses you.
The orc shoots a bolt.
The bolt misses you. The orc warrior barely misses you.
The orc warrior shoots a bolt.
The bolt misses you.
The orc knight shoots a bolt.
The bolt misses you.
An orc warrior comes into view. It is wielding a +0 halberd.
You hear a shout!
Items here: ))) [[ †.
The orc warrior attacks as you move away!
The orc warrior closely misses you.
The centaur unwields a +0 shortbow.
The centaur hits you but does no damage.
The centaur closely misses you.
The orc knight shoots a bolt.
The bolt barely misses you.
The orc shoots a bolt.
The bolt barely misses you.
The orc warrior hits you from afar with a +0 trident.
* * * LOW HITPOINT WARNING * * *
The orc warrior shoots a bolt.
The bolt barely misses you. The centaur completely misses you.
The centaur barely misses you.
Items here: ))) †.
You feel less invigorated.
You feel less confused.
The centaur closely misses you. x2; The orc knight shoots a bolt.
The bolt hits you!
* * * LOW HITPOINT WARNING * * *
The orc warrior barely misses you.
The orc warrior shoots a bolt.
You block the bolt with an invisible shield... and reflect it back!
The bolt barely misses the orc warrior.
The bolt hits the orc!
You kill the orc!
Cheibriados thoroughly appreciates the change of pace.
The centaur barely misses you. The centaur kicks you.
* * * LOW HITPOINT WARNING * * *
The orc warrior shoots a bolt.
You block the bolt with an invisible shield... and reflect it back!
The bolt hits the orc warrior!
An orc warrior comes into view.
It is wielding a +0 hand axe and quivering silver boomerangs.
The orc warrior hits you from afar with a +0 trident!
You die...

≈≈..........#.
≈≈≈≈......... .#
#≈≈≈≈......#..#
####≈≈≈≈.....#..#
o..)............#
..oo.o.........#
##≈≈≈≈)o...# #
###≈≈≈≈.)))..#..#
#≈≈≈≈..@))).....#
≈≈≈....c).)..#..#
≈≈..........## #
...##..##..##
....... .....
....... ......
.#############


You could see an orc knight, 4 orc warriors and a centaur.

Vanquished Creatures
  A hornet (D:7)
  Grinder (D:4)
  A steam dragon (D:9)
  A warg (Orc:1)
  2 water moccasins
  15 orc warriors
  An ice beast (D:8)
  3 black bears
  2 ogres
  12 centaurs
  2 phantoms
  2 gnoll sergeants
  3 bullfrogs
  5 scorpions
  7 wights (D:8)
  7 killer bees (D:9)
  A howler monkey (D:8)
  7 orc priests
  A gnoll bouda (D:2)
  A jelly (D:5)
  A sleepcap (D:5)
  An iron imp (D:5)
  Jessica (D:2)
  3 iguanas
  15 orc wizards
  Ijyb (D:3)
  Natasha (twice) (D:2)
  5 adders
  12 gnolls
  An ufetubus (D:5)
  2 worms
  2 dart slugs (D:1)
  36 orcs
  2 ball pythons (D:3)
  5 bats
  10 endoplasms
  3 giant cockroaches (D:1)
  6 goblins
  9 hobgoblins
  8 kobolds
  5 quokkas
  4 frilled lizards
  7 rats
216 creatures vanquished.

Vanquished Creatures (others)
  An orc wizard (Orc:1)
1 creature vanquished.

Grand Total: 217 creatures vanquished

Notes
Turn   | Place    | Note
-------+----------+-------------------------------------------
     0 | D:1      | lonewolfV2 the Minotaur Fighter began the quest for the
                  | Orb.
     0 | D:1      | Reached XP level 1. HP: 19/19 MP: 0/0
    72 | D:1      | Found Sahoch's Weapon Emporium.
   104 | D:1      | Reached XP level 2. HP: 27/27 MP: 1/1
   171 | D:1      | Found Hihim's Book Emporium.
   216 | D:1      | Found Rosol's Armour Emporium.
   675 | D:2      | Noticed Jessica
   678 | D:2      | Reached skill level 5 in Fighting
   678 | D:2      | Reached XP level 3. HP: 34/36 MP: 2/2
   699 | D:2      | Killed Jessica
   700 | D:2      | Reached skill level 1 in Invocations
   700 | D:2      | Reached XP level 4. HP: 31/42 MP: 3/3
   912 | D:2      | Noticed Natasha
   921 | D:2      | Killed Natasha
   999 | D:2      | Reached XP level 5. HP: 37/51 MP: 5/5
  1349 | D:2      | Noticed Natasha
  1359 | D:2      | Killed Natasha
  1829 | D:3      | Noticed Ijyb
  1885 | D:3      | Killed Ijyb
  1886 | D:3      | Reached XP level 6. HP: 33/60 MP: 5/7
  2315 | D:4      | Found a blossoming altar of Fedhas.
  2727 | D:4      | Noticed Grinder
  2743 | D:4      | Killed Grinder
  2744 | D:4      | Reached XP level 7. HP: 11/69 MP: 8/8
  3184 | D:5      | Entered Level 5 of the Dungeon
  3648 | D:5      | Found a snail-covered altar of Cheibriados.
  3707 | D:5      | Became a worshipper of Cheibriados the Contemplative
  3778 | D:5      | Reached skill level 10 in Fighting
  3778 | D:5      | Reached XP level 8. HP: 69/79 MP: 10/10
  3835 | D:5      | Found Jehoxt's Magic Scroll Shop.
  3893 | D:5      | Reached skill level 1 in Dodging
  4012 | D:5      | Reached skill level 5 in Invocations
  4122 | D:5      | Found a stormy altar of Qazlal.
  4512 | D:6      | Identified the +6 long sword of Linearity {freeze, +Blink
                  | Will- SInv}
  4692 | D:6      | Reached * piety under Cheibriados
  4899 | D:6      | Reached skill level 5 in Dodging
  6195 | D:7      | Found Neevow's General Store.
  6247 | D:7      | Reached XP level 9. HP: 52/85 MP: 12/12
  6356 | D:7      | Identified the ring of Gecoupt {rPois rN+ rCorr Str-2
                  | Int+4}
  6435 | D:7      | Found a staircase to the Ecumenical Temple.
  6528 | D:7      | Reached ** piety under Cheibriados
  7266 | D:8      | Noticed an angel
  7376 | D:8      | Found Asaithep's Hallowed Reliquary.
  8246 | D:9      | Reached *** piety under Cheibriados
  8384 | D:9      | Reached XP level 10. HP: 78/93 MP: 15/15
  8581 | D:9      | Found a staircase to the Orcish Mines.
  8590 | Orc:1    | Entered Level 1 of the Orcish Mines
  8604 | Orc:1    | Reached skill level 10 in Dodging
  8627 | D:9      | Reached **** piety under Cheibriados
  9143 | Orc:1    | Found Xyprieck's Weapon Shoppe.
  9234 | Orc:2    | Entered Level 2 of the Orcish Mines
  9241 | Orc:2    | Noticed an orc knight
  9248 | Orc:2    | Reached skill level 5 in Armour
  9259 | Orc:2    | HP: 3/93 [orc knight/bolt (18)]
  9259 | Orc:2    | HP: 1/93 [orc warrior/+0 trident (2)]
  9262 | Orc:2    | Mangled by an orc warrior

Illustrated notes

Levels and vault maps discovered:
D:1:      pf_arrival_petrified_forest, layout_loops_cross, serial_shops,
          shop_statue, shop, shop
D:2:      layout_rooms, uniq_jessica, uniq_natasha
D:3:      layout_basic, skrybe_limestone_x, uniq_ijyb
D:4:      layout_gridville, nicolae_overflow_hidden_temple, minmay_statues_item,
          uniq_grinder
D:5:      layout_loops_ring, nicolae_qazlal_eye_of_the_storm,
          chei_slow_surprise, serial_shops, shop
D:6:      layout_layer_cave, amcnicky_mini_pool_small
D:7:      minmay_flawed_box, layout_rooms, serial_shops,
          nicolae_shop_tiny_waterfront, enter_bailey_7
D:8:      layout_basic, nicolae_good_shop
D:9:      layout_loops_ring, mainiacjoe_overflow_concentric_impassable,
          uniq_harold
Orc:1:    layout_caves, serial_shops, nicolae_shop_stone,
          nicolae_shop_vocational
Orc:2:    st_orc_rangers, layout_caves

Skill      XL: |  1  2  3  4  5  6  7  8  9 10 |
---------------+-------------------------------+-----
Fighting       | 4 5 6 7 8 10 | 10.0
Invocations    | 1 2 3 4 6 8 9 |  9.2
Dodging        | 6 9 10 | 10.6
Armour         | 6 |  6.8
Axes           | |  2.5
Shields        | |  3.7

Action                     |  1- 3 |  4- 6 |  7- 9 | 10-12 || total
---------------------------+-------+-------+-------+-------++-------
  Melee: War axe           |    45 |   109 |   244 |    60 ||   458
         Headbutt          |     6 |    16 |    47 |    12 ||    81
         Unarmed           |       |    16 |       |       ||    16
 Invoke: Bend Time         |       |       |       |     1 ||     1
         Slouch            |       |       |       |     1 ||     1
    Use: Scroll            |       |     6 |    13 |     2 ||    21
         Potion            |       |     2 |     1 |     7 ||    10
 Armour: Scale mail        |    19 |       |       |       ||    19
         Chain mail        |       |    66 |   181 |    54 ||   301
         Skin              |       |     1 |       |       ||     1
  Dodge: Dodged            |    27 |    38 |   186 |   195 ||   446
  Block: Buckler           |    12 |    19 |    97 |    90 ||   218
         Reflection        |       |       |       |    16 ||    16
